AoeStats
← π t

Oasis

509405057Analyzed
2v2 RM · 7d ago on Sep 26, 2026· 26m 53s· 4 players
Game mode
Random Map
Map size
Medium (4 player)
Population
200
Speed
Normal
Resources
Standard
Victory
Conquest
Starting age
Dark Age
Ending age
Imperial Age
RankedLock teamsTeams togetherTeam positionsShared explorationLock speedFull tech treeHidden civsTurbo modeCheats
Victory
Defeat
🇩🇪 Varangians · Germany
1182
+16
🇩🇪 Danes · Germany
1182
+16
🇪🇸 Lithuanians · Spain
1201
-17
🇪🇸 Huns · Spain
1165
-15
π t
6:27 Loom
9:02 Feudal Age
9:43 Man-at-Arms
11:35 Double-Bit Axe
13:09 Horse Collar
14:56 Wheelbarrow
19:42 Castle Age
21:06 Squires
21:07 Scale Mail Armor
21:18 Forging
22:10 Gambesons
23:19 Town Watch
24:03 Chain Mail Armor
24:34 Arson
26:57 Bow Saw
Ibu
6:48 Loom
9:49 Feudal Age
14:14 Castle Age
12:26 Double-Bit Axe
12:53 Horse Collar
16:00 Bow Saw
17:26 Gold Mining
20:53 Heavy Plow
teomiroteomiro
7:35 Loom
11:03 Feudal Age
10:25 Loom
18:23 Castle Age
17:10 Forging
18:45 Bloodlines
18:36 Double-Bit Axe
juliotorralbar
10:09 Feudal Age
8:27 Loom
12:02 Double-Bit Axe
13:09 Man-at-Arms
16:37 Horse Collar
18:45 Wheelbarrow
18:45 Gold Mining
21:58 Castle Age
21:24 Scale Mail Armor
21:35 Forging
21:14 Arson
22:58 Pikeman
24:37 Fletching
Connection lost

Rejoining the realm…

Still unreachable

The connection could not be restored.

Session expired

The server has moved on; the page needs a fresh start.